 Dungeon Crawl Stone Soup version 0.18-a0-816-g97f838e (webtiles) character file.

15 Raultor the Ruffian (level 2, -1/29 HPs)
             Began as a Troll Monk on Dec 15, 2015.
             Slain by Sigmund
             ... wielding a cursed -3 scythe
              (10 damage)
             ... on level 2 of the Dungeon.
             The game lasted 00:02:55 (807 turns).

Raultor the Ruffian (Troll Monk)                     Turns: 807, Time: 00:02:55

Health: -1/29      AC:  5    Str: 18    XL:     2   Next: 34%
Magic:  1/1        EV: 10    Int:  6    God:
Gold:   54         SH:  0    Dex: 12    Spells: 0 memorised, 1 level left

rFire  . . .     SeeInvis .       - Unarmed
rCold  . . .     Clarity  .     a - +0 robe
rNeg   . . .     SustAt   .     (no shield)
rPois  .         Gourm    +     (helmet restricted)
rElec  .         Spirit   .     (no cloak)
rCorr  .         Dismiss  .     (gloves unavailable)
rMut   .         Stasis   .     (boots unavailable)
MR     .....                    (no amulet)
Stlth  +.........               (no ring)
                                (no ring)

@: confused, not resistant to hostile enchantments, very unstealthy
A: unfitting armour, claws 3, fast metabolism 3, gourmand, regeneration 2,
shaggy fur 1, tough skin 2
a: no special abilities


You were on level 2 of the Dungeon.
You were not hungry.

You visited 1 branch of the dungeon, and saw 2 of its levels.

You collected 54 gold pieces.

Inventory:

Missiles
 d - 7 tomahawks (quivered)
Armour
 a - a +0 robe (worn)
Scrolls
 c - a scroll of remove curse {unknown}
 e - a scroll of amnesia {unknown}
Potions
 g - a potion of haste {unknown}
 h - a potion of magic {unknown}
Comestibles
 b - 3 bread rations {@e1}
 f - a slice of pizza
 i - a meat ration {@e2}


   Skills:
 + Level 2.5 Fighting
 + Level 0.3 Throwing
 + Level 2.7 Dodging
 - Level 1.1 Stealth
 * Level 4.2 Unarmed Combat


You had one spell level left.
You didn't know any spells.

Dungeon Overview and Level Annotations

Branches:
Dungeon (2/15)

Altars:

Annotations:
D:2 Sigmund


Innate Abilities, Weirdness & Mutations

You are too large for most types of armour.
You have claws for hands.
Your metabolism is lightning-fast.
You like to eat raw meat.
You heal very quickly.
You are covered in fur (AC +1).
You have very tough skin (AC +2).


Message History

You claw the ball python!
You kill the ball python!
Something hits you!
You take 8 damage, and have 14/29 hp.
MASSIVE DAMAGE!!
You hear a zap.
You are more confused.
Something hits you.
You see here a ball python corpse.
You take 3 damage, and have 11/29 hp.
You butcher the ball python corpse.
You see here 4 chunks of flesh {@w0}.
j - 4 chunks of flesh {@w0} Something hits you.
You take 1 damage, and have 10/29 hp.
You hear a zap.
You are more confused.
Something hits you.
You take 1 damage, and have 10/29 hp.
You bump into the rock wall.
Unknown command.
You hear a zap.
Something tries to affect you, but you resist.
There is a stone staircase leading up here.
You hear a zap.
Something tries to affect you, but you resist.
In your confused state, you trip and fall back down the stairs.
You hear some strange, mumbled words.
You are more confused.
In your confused state, you trip and fall back down the stairs.
Something hits you but does no damage.
You hear a zap.
Something tries to affect you, but you resist.
You climb upwards.
There is a stone staircase leading down here.
You start resting.
You feel less confused.
You regained 2 hp, and now have 14/29 hp.
You start resting.
You are starving!
You regained 10 hp, and now have 24/29 hp.
Eating one of 4 chunks of flesh {@w0}.
This raw flesh tastes great.
You are feeling very hungry.
You continue eating. x2
Eating one of 3 chunks of flesh {@w0}.
This raw flesh tastes great.
You continue eating. x2
You regained 2 hp, and now have 27/29 hp.
Eating one of 2 chunks of flesh {@w0}.
This raw flesh tastes great.
You continue eating. x2
Eating a chunk of flesh {@w0}.
This raw flesh tastes great.
You continue eating. x2
Health restored: 29 You climb downwards.
Level annotation: Sigmund Sigmund gestures at you while chanting.
You are confused.
There is a stone staircase leading up here.
Sigmund gestures at you while chanting.
You are more confused.
You bump into the rock wall.
Sigmund barely misses you. Sigmund closely misses you.
You claw Sigmund! You closely miss Sigmund. Sigmund hits you with a scythe.
You take 5 damage, and have 24/29 hp.
Sigmund casts a spell.
Sigmund flickers and vanishes!
You closely miss something.
You hear some strange, mumbled words.
A puff of flame appears from out of thin air!
The puff of flame hits you!
You take 8 damage, and have 17/29 hp.
MASSIVE DAMAGE!!
You closely miss something.
You hear some strange, mumbled words.
You are more confused.
You're too confused to move!
Something hits you but does no damage.
You're too confused to move!
Something hits you.
You take 2 damage, and have 16/29 hp.
You hear a zap.
You are more confused.
You scratch something.
You hear a zap.
You are more confused.
Something hits you but does no damage.
You hear a zap.
You are more confused.
Something hits you.
You take 3 damage, and have 16/29 hp.
You're too confused to move!
You hear a zap.
Something tries to affect you, but you resist.
Unknown command.
Something hits you!
* * * LOW HITPOINT WARNING * * *
You take 9 damage, and have 8/29 hp.
MASSIVE DAMAGE!!
Something hits you!
You die...

### .## #.. ..
#.# .# #.###.#
.. #...?.# #...
#....###>....
####............
#.....@..##.....
#.##..{.<...# #
##.##.####
#.##.# #..#.#
##.#.# .#.# .#.#
..#


There were no monsters in sight!

Vanquished Creatures
  A ball python (D:2)
  3 bats
  3 hobgoblins (D:1)
  2 kobolds (D:1)
  A giant newt (D:1)
  2 goblins (D:1)
  2 rats (D:1)
14 creatures vanquished.

Notes
Turn   | Place    | Note
--------------------------------------------------------------
     0 | D:1      | Raultor the Troll Monk began the quest for the Orb.
     0 | D:1      | Reached XP level 1. HP: 22/22 MP: 0/0
   350 | D:1      | Reached XP level 2. HP: 29/29 MP: 1/1
   720 | D:2      | Noticed Sigmund
   807 | D:2      | Slain by Sigmund

Vault maps used:
D:1:      scummos_arrival_simple_crosswalls
D:2:      makhleb_altar_promises_db, nemelex_dance_club_becter, uniq_sigmund,
          uniq_jessica

Action                   || total
-------------------------++-------
Melee: Unarmed           ||    37
 Stab: Sleeping          ||     2
  Eat: Chunk             ||     6

Vault maps used:
D:1:      scummos_arrival_simple_crosswalls
D:2:      makhleb_altar_promises_db, nemelex_dance_club_becter, uniq_sigmund,
          uniq_jessica

Table legend:
 A = Turns spent in this place as a percentage of turns spent in the entire game.
 B = Non-inter-level travel turns spent in this place as a percentage of non-inter-level travel turns spent in the entire game.
 C = Inter-level travel turns spent in this place as a percentage of turns spent in this place.
 D = Turns resting spent in this place as a percentage of non-inter-level travel turns spent in this place.
 E = Turns spent auto-exploring this place as a percentage of non-inter-level travel turns spent in this place.
 F = Non-inter-level travel turns spent in this place divided by the number of levels of this place that you've seen.
                   A       B       C       D       E      F
               +-------+-------+-------+-------+-------+----------------------
         Total | 100.0 | 100.0 |   0.6 |   1.7 |  16.1 |  90.0
       Dungeon | 100.0 | 100.0 |   0.6 |   1.7 |  16.1 |  90.0
               +-------+-------+-------+-------+-------+----------------------

Table legend:
 A = Kills in this place as a percentage of kills in entire the game.
 B = Kills by you in this place as a percentage of kills by you in the entire game.
 C = Kills by friends in this place as a percentage of kills by friends in the entire game.
 D = Other kills in this place as a percentage of other kills in the entire game.
 E = Experience gained in this place as a percentage of experience gained in the entire game.
 F = Experience gained in this place divided by the number of levels of this place that you have seen.
                   A       B       C       D       E      F
               +-------+-------+-------+-------+-------+----------------------
         Total | 100.0 | 100.0 |  -nan |  -nan | 100.0 |  11.0
       Dungeon | 100.0 | 100.0 |  -nan |  -nan | 100.0 |  11.0
               +-------+-------+-------+-------+-------+----------------------
